 Dungeon Crawl Stone Soup version 0.31-a0-198-g2ad674f65e (webtiles) character file.

Game seed: 13572193305445127959

23 qw the Shooter (level 2, 0/16 HPs)
             Began as a Deep Elf Hunter on June 25, 2023.
             Succumbed to their own poison gas
             ... on level 1 of the Dungeon.
             The game lasted 00:00:14 (517 turns).

qw the Shooter (Deep Elf Hunter)                     Turns: 517, Time: 00:00:15

Health: 0/16       AC:  5    Str:  8    XL:     2   Next: 75%
Magic:  4/4        EV: 12    Int: 13    God:
Gold:   0          SH:  0    Dex: 18    Spells: 1/1 levels left

rFire   . . .        Y - +0 shortbow
rCold   . . .        (shield currently unavailable)
rNeg    . . .        c - +0 leather armour
rPois   .            h - +0 helmet
rElec   .            (no cloak)
rCorr   .            k - +0 pair of gloves
SInv    .            (no boots)
Will    .....        (no amulet)
Stlth   ++           (no ring)
HPRegen 0.22/turn    (no ring)
MPRegen 0.09/turn

%: no passive effects
@: lethally poisoned (0 -> -9), weak-willed
A: no striking features
a: no special abilities


You were on level 1 of the Dungeon.
You visited 1 branch of the dungeon, and saw 1 of its levels.


   Skills:
 - Level 1.5 Fighting
 + Level 6.5 Ranged Weapons
 - Level 2.4 Dodging
 - Level 1.2 Stealth


You had one spell level left.
You didn't know any spells.
Your spell library was empty.

Inventory:

Hand Weapons
 Y - a +0 shortbow (weapon)
Armour
 c - a +0 leather armour (worn)
 h - a +0 helmet (worn)
 k - a +0 pair of gloves (worn)
Potions
 g - a potion of magic {unknown}
 i - a potion of heal wounds {unknown}

Dungeon Overview and Level Annotations

Branches:
Dungeon (1/15)

Altars:


Message History

As you read the scroll labelled TOLLI USTAU, it dissolves into smoke.
It was a scroll of fog.
Done exploring.
511 ||| READING scroll labelled KOMEUHIFEU.
As you read the scroll labelled KOMEUHIFEU, it crumbles to dust.
It is a scroll of identify.
Really abort (and waste the scroll)?
Done exploring.
512 ||| DROPPING 2 scrolls of poison.
You drop 2 scrolls of poison.
Done exploring.
513 ||| DROPPING scroll of butterflies.
You drop a scroll of butterflies.
Done exploring.
(D) Dungeon
Where to? (* - list waypoints, ? - help)
What level of the Dungeon? (default 1, ? - help) Sorry, I don't know how to get there.
Enter note:
Enter note:
Enter note:
Enter note:
Enter note:
Enter note:
Enter note:
Enter note:
Enter note:
Enter note:
Enter note:
Enter note: Really walk into that cloud of poison gas?
You are engulfed in poison gas.
You are lethally poisoned!
You feel very sick.
515 ||| Stepping ~*~*~tactically~*~*~ (cloud).
You feel very sick.
Things that are here:
a scroll of butterflies; 2 scrolls of poison
There is a lethal amount of poison in your body!
You feel sick.
There is a lethal amount of poison in your body!
You die...

### #####0# ####....¤#
#.....##0# ### ##.##..##¤# #.#
###...#..##¤# #.#####
#.....#..##¤# #.....#####
#....##..##@######.######...
#....'...#0¤¤¤¤00¤.#### #...
#....#..¤¤0000000¤....# #...
#....#¤¤¤¤0¤#########.###...
####...00¤0¤¤¤0¤...........#...
#......00¤¤0¤#¤###......##.#...
#.####.¤¤#0¤¤.¤0.+......##.....
#...>..¤¤¤0¤¤.¤¤.#......####...
####......#...........).####.##


There were no monsters in sight!

Vanquished Creatures
  3 ball pythons (D:1)
  An endoplasm (D:1)
  2 giant cockroaches (D:1)
  A goblin (D:1)
  3 hobgoblins (D:1)
  3 jackals (D:1)
  A kobold (D:1)
  2 bats (D:1)
  5 rats (D:1)
21 creatures vanquished.

Notes
Turn   | Place    | Note
-------+----------+-------------------------------------------
     0 | D:1      | qw the Deep Elf Hunter began the quest for the Orb.
     0 | D:1      | Reached XP level 1. HP: 12/12 MP: 3/3
     0 | D:1      | 0 ||| qw: Version: 0.3-a-22-g0ed2b0b
     0 | D:1      | 0 ||| qw: Game counter: 5434
     0 | D:1      | 0 ||| qw: Melee chars always use a shield: true
     0 | D:1      | 0 ||| qw: God list: Okawaru
     0 | D:1      | 0 ||| qw: Allow faded altars: false
     0 | D:1      | 0 ||| qw: Do Orc after clearing Dungeon:15 true
     0 | D:1      | 0 ||| qw: Do second Lair branch before Depths: true
     0 | D:1      | 0 ||| qw: Lair rune preference: random
     0 | D:1      | 0 ||| qw: Goals: Normal
     0 | D:1      | 0 ||| PLANNING D:1-11
    90 | D:1      | Reached XP level 2. HP: 16/16 MP: 4/4
   101 | D:1      | Reached skill level 6 in Ranged Weapons
   277 | D:1      | Found a faded altar of an unknown god.
   498 | D:1      | 498 ||| UPGRADING to +0 helmet.
   503 | D:1      | 503 ||| UPGRADING to +0 pair of gloves.
   508 | D:1      | 508 ||| READING 3 scrolls labelled LEFEESCH KISI.
   509 | D:1      | 509 ||| READING scroll labelled QEJORCH TEMARR.
   510 | D:1      | 510 ||| READING scroll labelled TOLLI USTAU.
   511 | D:1      | 511 ||| READING scroll labelled KOMEUHIFEU.
   512 | D:1      | 512 ||| DROPPING 2 scrolls of poison.
   513 | D:1      | 513 ||| DROPPING scroll of butterflies.
   515 | D:1      | 515 ||| Stepping ~*~*~tactically~*~*~ (cloud).
   515 | D:1      | HP: 3/16 [poisoned by you (poison gas)]
   517 | D:1      | Succumbed to their own poison gas

Levels and vault maps discovered:
D:1:      dpeg_arrival_round_a, layout_basic, chequers_ecumenical_altar_twisty

Skill      XL: |  1  2 |
---------------+-------+-----
Ranged Weapons | 6 |  6.5
Fighting       | |  1.5
Dodging        | |  2.4
Stealth        | |  1.2

Action                     || total
---------------------------++-------
   Fire: Shortbow          ||    42
    Use: Scroll            ||     4
 Armour: Leather armour    ||     1
  Dodge: Dodged            ||     2

Table legend:
 A = Non-vault XP
 B = Vault XP
 C = Vault XP percentage of total XP
 D = Non-vault monster count
 E = Vault monster count
 F = Vault count percentage of total count
                 A         B        C        D         E       F
            +---------+---------+-------+---------+---------+-------
      Total |      34 |       0 |   0.0 |      21 |       0 |   0.0
            +---------+---------+-------+---------+---------+-------
        D:1 |      34 |       0 |   0.0 |      21 |       0 |   0.0
            +---------+---------+-------+---------+---------+-------
